[Event "Team 45 45 League T37"]
[Site "Internet Chess Club"]
[Date "2008.06.14"]
[Round "8"]
[White "frothyjowels"]
[Black "fledermaus"]
[Result "1-0"]
[WhiteElo "2230"]
[BlackElo "2012"]
[Opening "Sicilian: Scheveningen variation"]
[ECO "B80"]
[Time "15:00:30"]
[TimeControl "2700+45"]

1. e4 c5 2. Nf3 e6 3. d4 cxd4 4. Nxd4 Nf6 5. Nc3 d6 6. Be3 Be7 7. Bd3 O-O 8. f3
Nc6 9. Qd2 Nxd4 10. Bxd4 e5 11. Be3 Be6 12. Rd1 a6 13. O-O Qc7 14. a3 Kh8 15. h3
d5 16. exd5 Nxd5 17. Nxd5 Bxd5 18. Bxh7 Bxf3 19. Rxf3 Kxh7 20. Qf2 Kg8 21. Bb6
Qc6 22. Rc3 Qe6 23. Rc7 Rad8 24. Rxd8 Rxd8 25. Rxb7 Rd1+ 26. Kh2 Bd6 27. Be3 e4+
28. g3 Qd5 29. Rb3 Bc5 30. Rc3 Bd4 31. Rb3 Bc5 32. Qg2 g6 33. c4 Qd8 34. Bxc5
Rd2 35. Bf2 f5 36. Re3 Rxb2 37. Qf1 Qd2 38. Kg1 Rc2 39. g4 Rc1 40. Re1 Rc3 41.
gxf5 e3 42. fxg6 exf2+ 43. Qxf2 Qg5+ 44. Kh2 Qd8 45. Qf7+ {Black resigns} 1-0

[Event "Team 45 45 League T37"]
[Site "Internet Chess Club"]
[Date "2008.06.15"]
[Round "8"]
[White "Wheels"]
[Black "touchthis"]
[Result "1/2-1/2"]
[WhiteElo "1792"]
[BlackElo "1801"]
[Opening "French: MacCutcheon, Lasker variation"]
[ECO "C12"]
[Time "21:56:10"]
[TimeControl "2700+45"]

1. e4 e6 2. d4 d5 3. Nc3 Nf6 4. Bg5 Bb4 5. e5 h6 6. Bd2 Bxc3 7. Bxc3 Ne4 8. Ne2
c5 9. dxc5 Qc7 10. f4 Qxc5 11. Qd4 Nc6 12. Qxc5 Nxc5 13. O-O-O Ne4 14. Be1 Bd7
15. Nc3 Nxc3 16. Bxc3 O-O-O 17. Be2 Be8 18. h3 {Game drawn by mutual agreement}
1/2-1/2

[Event "Team 45 45 League T37"]
[Site "Internet Chess Club"]
[Date "2008.06.14"]
[Round "8"]
[White "crazynights"]
[Black "cgrau"]
[Result "0-1"]
[WhiteElo "1564"]
[BlackElo "1786"]
[Opening "Scandinavian (center counter) defense"]
[ECO "B01"]
[Time "12:01:53"]
[TimeControl "2700+45"]

1. e4 d5 2. exd5 Qxd5 3. Nc3 Qa5 4. d4 Nf6 5. Nf3 c6 6. Bc4 Bf5 7. Bd2 e6 8. Qe2
Bb4 9. O-O-O Nbd7 10. a3 Bxc3 11. Bxc3 Qc7 12. Ne5 Nxe5 13. dxe5 Nd5 14. Bd2
O-O-O 15. g4 Bg6 16. h4 h5 17. g5 Qb6 18. Rh3 Qd4 19. Ba5 Nf4 20. Rxd4 Nxe2+ 21.
Bxe2 Rxd4 22. Bc3 Rd7 23. Bd3 Bxd3 24. Rxd3 Rxd3 25. cxd3 c5 26. d4 cxd4 27.
Bxd4 b6 28. Kc2 Kb7 29. Kd3 Rc8 30. Bc3 Kc6 31. Ke4 Kb5 32. f4 g6 33. Kd3 Rd8+
34. Bd4 Ka4 35. Kc3 Rc8+ 36. Kd2 Kb3 37. Bc3 Rc4 38. Ke3 Rxc3+ 39. bxc3 Kxc3 40.
a4 a6 41. Ke2 b5 42. axb5 axb5 {White resigns} 0-1

[Event "Team 45 45 League T37"]
[Site "Internet Chess Club"]
[Date "2008.06.13"]
[Round "8"]
[White "bmw2002"]
[Black "PostMike"]
[Result "1-0"]
[WhiteElo "1641"]
[BlackElo "1495"]
[Opening "Dutch: stonewall, Botwinnik variation"]
[ECO "A93"]
[Time "07:05:07"]
[TimeControl "2700+45"]

1. c4 e6 2. g3 f5 3. Bg2 Nf6 4. Nf3 Be7 5. O-O O-O 6. d4 d5 7. b3 c6 8. Nc3 Bd6
9. Bg5 Nbd7 10. cxd5 exd5 11. Qd3 h6 12. Bd2 Ne4 13. Rac1 Qe8 14. h4 Qh5 15. Nh2
Ndf6 16. Nxe4 fxe4 17. Qe3 Bg4 18. Rce1 Rf7 19. f4 exf3 20. exf3 Bd7 21. f4 Ng4
22. Qf3 Nf6 23. Qf2 Ng4 24. Qf3 Nf6 25. Qxh5 Nxh5 26. Rf3 Nf6 27. Re2 Ng4 28.
Bh3 Nxh2 29. Kxh2 Re7 30. Rxe7 Bxh3 31. Rxb7 Bg4 32. Re3 Kf8 33. Bb4 Bxb4 34.
Rxb4 Rd8 35. Rb7 Rd7 36. Rb8+ Kf7 37. Kg2 Rc7 38. b4 Bf5 39. Kf2 Be4 40. Rc3 Bb1
41. a4 Ba2 42. b5 Bc4 43. bxc6 a6 44. Rb7 {Black resigns} 1-0

[Event "Team 45 45 League T37"]
[Site "Internet Chess Club"]
[Date "2008.06.15"]
[Round "8"]
[White "PandorasBox"]
[Black "Despair"]
[Result "1-0"]
[WhiteElo "2162"]
[BlackElo "1978"]
[Opening "Queen's pawn: Charlick (Englund) gambit"]
[ECO "A40"]
[Time "04:00:15"]
[TimeControl "2700+45"]

1. d4 e5 2. dxe5 Qe7 3. Nf3 Nc6 4. Nc3 Nxe5 5. e4 d6 6. Be2 g6 7. Nd5 Qd7 8. Nd4
c6 9. f4 cxd5 10. fxe5 dxe5 11. Bb5 exd4 12. Bxd7+ Bxd7 13. Qxd4 f6 14. Qxd5
Bb4+ 15. c3 Bc6 16. Qe6+ Be7 17. Be3 Bd7 18. Qb3 b6 19. O-O-O Rc8 20. Qd5 Bc6
21. Qe6 Rc7 22. Bf4 Bd7 23. Rxd7 Rxd7 24. Qc6 Bd6 25. Bxd6 Ne7 26. Bxe7 Kxe7 27.
Rf1 Rf8 28. e5 f5 29. Rd1 Rxd1+ 30. Kxd1 Rd8+ 31. Ke2 f4 32. h4 Rf8 33. Qd6+ Kf7
34. e6+ Kg8 35. e7 Re8 36. Qf6 f3+ 37. Kxf3 b5 38. Kg4 b4 39. Kg5 a5 40. Kh6
bxc3 41. bxc3 a4 42. a3 Rxe7 43. Qxe7 g5 44. hxg5 Kh8 45. c4 Kg8 46. c5 Kh8 47.
c6 Kg8 48. c7 Kh8 49. c8=N Kg8 50. Qa7 Kh8 51. Nb6 Kg8 52. Nxa4 Kh8 53. Qb7 Kg8
54. Nc3 Kh8 55. a4 Kg8 56. a5 Kh8 57. a6 Kg8 58. a7 Kh8 59. a8=N Kg8 60. Ne4 Kf8
61. Kxh7 Ke8 62. g6 Kd8 63. g4 Ke8 64. g7 Kd8 65. g8=N Ke8 66. Ngf6+ Kf8 67. Nd5
Ke8 68. g5 Kf8 69. g6 Ke8 70. Nab6 Kd8 71. Nc4 Ke8 72. Ne5 Kf8 73. g7+ Ke8 74.
g8=N Kf8 75. Nh6 Ke8 76. Nf5 Kf8 77. Nc5 Ke8 78. Qg7 Kd8 79. Qf7 Kc8 80. Qe7 Kb8
81. Qd7 Ka8 82. Nb6+ Kb8 83. Nc6# {Black checkmated} 1-0

[Event "Team 45 45 League T37"]
[Site "Internet Chess Club"]
[Date "2008.06.15"]
[Round "8"]
[White "Aces"]
[Black "pishd"]
[Result "1/2-1/2"]
[WhiteElo "1786"]
[BlackElo "1830"]
[Opening "Bird's opening"]
[ECO "A03"]
[Time "10:31:30"]
[TimeControl "2700+45"]

1. f4 d5 2. Nf3 Bg4 3. e3 Bxf3 4. Qxf3 g6 5. d4 Bg7 6. Bd3 Nf6 7. O-O c6 8. Nd2
e6 9. c3 Nbd7 10. b3 Qa5 11. b4 Qc7 12. a4 a5 13. b5 cxb5 14. Bb2 bxa4 15. c4
O-O 16. Rfc1 Qb6 17. Rab1 Rfc8 18. Ba3 Qa7 19. Bc2 Bf8 20. Bxf8 Kxf8 21. Bxa4
Nb6 22. Bb5 dxc4 23. Nxc4 Nxc4 24. Bxc4 Rc7 25. Ba2 Rxc1+ 26. Rxc1 b5 27. g4 Rd8
28. g5 Nd5 29. Bxd5 exd5 30. Rc5 Qd7 31. Qe2 Rb8 32. Qf3 a4 33. Rxd5 Qa7 34. Qe4
Qe7 35. Re5 Qb4 36. Rc5 Qe1+ 37. Kg2 Re8 38. Re5 Qe2+ 39. Kg3 Qe1+ 40. Kg2 Qe2+
41. Kg3 Qe1+ 42. Kg2 {Game drawn by repetition} 1/2-1/2

[Event "Team 45 45 League T37"]
[Site "Internet Chess Club"]
[Date "2008.06.15"]
[Round "8"]
[White "Bill-W"]
[Black "BigH"]
[Result "0-1"]
[WhiteElo "1672"]
[BlackElo "1752"]
[Opening "Petrov: Nimzovich attack"]
[ECO "C42"]
[Time "11:01:18"]
[TimeControl "2700+45"]

1. e4 e5 2. Nf3 Nf6 3. Nxe5 d6 4. Nf3 Nxe4 5. Nc3 Nxc3 6. dxc3 g6 7. Be3 Bg7 8.
Qd2 Nc6 9. O-O-O Be6 10. Bb5 a6 11. Bxc6+ bxc6 12. Rhe1 O-O 13. Bh6 Rb8 14. Bxg7
Kxg7 15. Nd4 Qd7 16. h4 c5 17. Nxe6+ fxe6 18. h5 Rf6 19. hxg6 Rxg6 20. Qe3 Qf7
21. Rh1 Rxg2 22. f4 Rf8 23. Qh3 Qg6 24. Rd3 c4 25. Rd2 Rxd2 26. Kxd2 Rxf4 27.
Qe3 Qg2+ 28. Kc1 Qxh1+ {White resigns} 0-1

[Event "Team 45 45 League T37"]
[Site "Internet Chess Club"]
[Date "2008.06.15"]
[Round "8"]
[White "pelayo"]
[Black "jacknor"]
[Result "1/2-1/2"]
[WhiteElo "1667"]
[BlackElo "1645"]
[Opening "English opening"]
[ECO "A05"]
[Time "12:08:13"]
[TimeControl "2700+45"]

1. Nf3 Nf6 2. c4 e6 3. b3 c5 4. Bb2 b6 5. g3 Bb7 6. Bg2 Nc6 7. O-O d5 8. cxd5
exd5 9. d4 cxd4 10. Nxd4 Nxd4 11. Bxd4 Be7 12. Nc3 O-O 13. Rc1 Rc8 14. Bxf6 Bxf6
15. Nxd5 Bxd5 16. Qxd5 Rxc1 17. Rxc1 Qxd5 18. Bxd5 Rd8 19. e4 Be5 20. f4 Bb8 21.
Kf2 Kf8 22. Kf3 Ke7 23. a4 Bd6 24. b4 Bxb4 25. Rc7+ Rd7 26. Rxd7+ Kxd7 27. Bxf7
Bc3 28. e5 Ke7 29. Bd5 Bd4 30. h4 Bc5 31. g4 a6 32. f5 b5 33. axb5 axb5 34. g5
b4 35. f6+ gxf6 36. gxf6+ Kf8 37. e6 Bd6 38. e7+ Bxe7 39. fxe7+ Kxe7 40. Kg4 Kf8
41. Kg5 Kg7 42. h5 h6+ 43. Kf5 Kh8 44. Kg6 b3 45. Kxh6 b2 46. Be4 Kg8 47. Kg5
Kg7 48. h6+ Kh8 49. h7 Kg7 50. Kf4 Kh8 51. Ke3 Kg7 52. Kd2 Kh8 53. Kc2 Kg7 54.
Kxb2 Kh8 55. Kc3 Kg7 56. Kd4 Kh8 57. Ke5 Kg7 58. Kf5 Kh8 59. Kf6 {Black
stalemated} 1/2-1/2

[Event "Team 45 45 League T37 u"]
[Site "Internet Chess Club"]
[Date "2008.06.14"]
[Round "8"]
[White "kevrose07"]
[Black "Silenita"]
[Result "1-0"]
[WhiteElo "1944"]
[BlackElo "1866"]
[Opening "Sicilian: closed, 2...Nc6"]
[ECO "B23"]
[Time "15:00:35"]
[TimeControl "2700+45"]

1. e4 c5 2. Nc3 Nc6 3. Nf3 Nd4 4. Bc4 e6 5. Nxd4 cxd4 6. Nb5 Qb6 7. c3 dxc3 8.
dxc3 Bc5 9. O-O a6 10. Nd4 Ne7 11. a3 Qc7 12. Qe2 O-O 13. Bd3 e5 14. Nf5 Nxf5
15. exf5 f6 16. Bc4+ Kh8 17. Be3 d6 18. Qd3 b5 19. Ba2 Bb7 20. Rad1 Rad8 21. b4
Bb6 22. Bxb6 Qxb6 23. Qh3 d5 24. Rd3 Rd7 25. Rfd1 Rfd8 26. Qh5 h6 27. Qg6 e4 28.
Rg3 Qc7 29. Rd4 Qf4 30. Re3 Qg5 31. h4 Qxg6 32. fxg6 Kg8 33. Rexe4 Kf8 34. Re6
Re7 35. Rxe7 Kxe7 36. g4 Rd6 37. f4 Ke6 38. f5+ Ke5 39. Kf2 Rd8 40. Ke3 Rc8 41.
Kd3 Rc7 42. Bb3 Ba8 43. Bd1 Rc4 44. Rxc4 dxc4+ 45. Ke3 Be4 46. Bf3 Bc2 47. Bb7
h5 48. gxh5 Kxf5 49. Bxa6 Ba4 50. Bc8+ Ke5 51. h6 {Black resigns} 1-0

[Event "Team 45 45 League T37"]
[Site "Internet Chess Club"]
[Date "2008.06.17"]
[Round "8"]
[White "andrew28"]
[Black "AntonioMendonca"]
[Result "1-0"]
[WhiteElo "1760"]
[BlackElo "1694"]
[Opening "Sicilian: dragon, Yugoslav attack, 9...Bd7"]
[ECO "B77"]
[Time "19:25:50"]
[TimeControl "2700+45"]

1. e4 c5 2. Nf3 d6 3. d4 cxd4 4. Nxd4 Nf6 5. Nc3 g6 6. Be3 Bg7 7. f3 Nc6 8. Bc4
O-O 9. Qd2 Bd7 10. h4 h5 11. O-O-O Rc8 12. Bb3 Ne5 13. g4 hxg4 14. h5 Nxh5 15.
Rxh5 gxh5 16. Bh6 e6 17. Rh1 h4 18. fxg4 Nxg4 19. Rg1 e5 20. Nf5 Bxf5 21. exf5
Qf6 22. Rxg4 Kh7 23. Bxg7 Rg8 24. Bxf6 Rxg4 25. Bxf7 h3 26. Bg6+ Rxg6 27. fxg6+
Kxg6 28. Qg5+ Kf7 29. Qg7+ Ke6 30. Qg4+ Kf7 31. Qxc8 h2 32. Qh3 Kxf6 33. Qxh2
Ke6 34. Qg2 b6 35. Qd5+ Kd7 36. Nb5 {Black resigns} 1-0

[Event "Team 45 45 League T37"]
[Site "Internet Chess Club"]
[Date "2008.06.14"]
[Round "8"]
[White "MPknight"]
[Black "jjmolina"]
[Result "1/2-1/2"]
[WhiteElo "1781"]
[BlackElo "1645"]
[Opening "QGD semi-Slav: Meran variation"]
[ECO "D47"]
[Time "13:56:11"]
[TimeControl "2700+45"]

1. d4 d5 2. Nf3 Nf6 3. c4 c6 4. e3 e6 5. Nc3 Nbd7 6. Bd3 dxc4 7. Bxc4 b5 8. Be2
Bb7 9. O-O a6 10. b3 c5 11. Bb2 Be7 12. Rc1 O-O 13. dxc5 Nxc5 14. Qxd8 Rfxd8 15.
Rfd1 Rac8 16. Rxd8+ Bxd8 17. b4 Nce4 18. Nxe4 Rxc1+ 19. Bxc1 Nxe4 20. Bb2 f6 21.
Nd4 Kf7 22. f3 Nd6 23. a3 Bd5 24. e4 Bc4 25. Kf1 Bxe2+ 26. Kxe2 Nc4 27. Bc1 Bc7
28. g3 Ke7 29. Nb3 Bb6 30. Nd2 Nxd2 31. Bxd2 Bd4 32. Bc1 g6 33. g4 f5 34. Kd3
Bf6 35. h3 fxg4 36. fxg4 Be5 37. Be3 Kd6 38. Bd4 {Game drawn by mutual
agreement} 1/2-1/2

[Event "Team 45 45 League T37"]
[Site "Internet Chess Club"]
[Date "2008.06.15"]
[Round "8"]
[White "Shereshevsky"]
[Black "Mikey29a"]
[Result "1-0"]
[WhiteElo "1569"]
[BlackElo "1743"]
[Opening "Benoni defense"]
[ECO "A61"]
[Time "20:03:40"]
[TimeControl "2700+45"]

1. d4 Nf6 2. c4 c5 3. d5 e6 4. Nc3 exd5 5. Nxd5 Nxd5 6. Qxd5 Be7 7. Nf3 Nc6 8.
Bd2 d6 9. g3 Be6 10. Qd3 O-O 11. Bg2 Qb6 12. O-O Rad8 13. Ng5 Bxg5 14. Bxg5 Ne5
15. Bxd8 Rxd8 16. Qc2 Bxc4 17. f4 Ng4 18. Qxc4 Ne3 19. Qb3 Qxb3 20. axb3 Nxf1
21. Kxf1 a6 22. Bxb7 Rb8 23. Rxa6 {Black resigns} 1-0

[Event "Team 45 45 League T37"]
[Site "Internet Chess Club"]
[Date "2008.06.16"]
[Round "8"]
[White "LoseOften"]
[Black "MrShaw"]
[Result "0-1"]
[WhiteElo "1831"]
[BlackElo "1909"]
[Opening "French: classical, Steinitz variation"]
[ECO "C14"]
[Time "14:14:13"]
[TimeControl "2700+45"]

1. e4 e6 2. d4 d5 3. Nc3 Nf6 4. Bg5 Be7 5. e5 Nfd7 6. Bxe7 Qxe7 7. f4 O-O 8. Nf3
c5 9. Qd2 Nc6 10. O-O-O a6 11. g4 f6 12. Bg2 cxd4 13. Nxd4 Nxd4 14. Qxd4 fxe5
15. fxe5 Qg5+ 16. Kb1 Qxe5 17. Qd2 Nf6 18. Rde1 Qc7 19. h3 Bd7 20. Ne2 Rac8 21.
Nf4 Ne4 22. Bxe4 Qxf4 23. Qd3 Bb5 24. Bxh7+ Kh8 25. Qg6 Rf6 26. Qh5 Rh6 27. Qe5
Qxe5 28. Rxe5 Kxh7 29. g5 Rh5 30. h4 Bd7 31. b3 Rf8 32. c4 d4 33. Re4 Bc6 34.
Rhe1 Bxe4+ 35. Rxe4 Rd8 36. Kc2 e5 37. Kd3 Kg6 38. Rxe5 Rxh4 39. Re7 Rh3+ 40.
Kd2 d3 {White resigns} 0-1

[Event "Team 45 45 League T37"]
[Site "Internet Chess Club"]
[Date "2008.06.16"]
[Round "8"]
[White "viking99"]
[Black "QueensCounselor"]
[Result "0-1"]
[WhiteElo "1807"]
[BlackElo "1870"]
[Opening "Sicilian: Najdorf, Byrne (English) attack"]
[ECO "B90"]
[Time "14:06:18"]
[TimeControl "2700+45"]

1. e4 c5 2. Nf3 d6 3. d4 cxd4 4. Nxd4 Nf6 5. Nc3 a6 6. Be3 e5 7. Nf3 Be7 8. Bc4
O-O 9. O-O Be6 10. Bxe6 fxe6 11. Ng5 Qd7 12. f4 exf4 13. Bxf4 Nc6 14. a3 Rac8
15. Na4 b5 16. Nb6 Qa7 17. Be3 Rb8 18. Nd5 Qd7 19. Nxe7+ Qxe7 20. Bf4 e5 21. Be3
Rbc8 22. Qd3 h6 23. Nf3 Ng4 24. Rad1 Nxe3 25. Qxe3 Rf6 26. Qb3+ Kh8 27. Qd5 Na5
28. Ne1 Nc4 29. Nd3 Ne3 30. Qb3 Nxd1 31. Rxd1 Qa7+ 32. Kh1 Rcf8 33. h3 Qe3 34.
Nb4 Rf1+ 35. Rxf1 Rxf1+ 36. Kh2 Qf4+ 37. Qg3 Rh1+ 38. Kxh1 Qxg3 39. Nxa6 Qe1+
40. Kh2 Qxe4 41. Nb4 Qf4+ 42. Kg1 e4 {White resigns} 0-1

[Event "Team 45 45 League T37"]
[Site "Internet Chess Club"]
[Date "2008.06.15"]
[Round "8"]
[White "Steinwitz"]
[Black "b-spot"]
[Result "0-1"]
[WhiteElo "1751"]
[BlackElo "1774"]
[Opening "French: King's Indian attack"]
[ECO "C00"]
[Time "16:59:45"]
[TimeControl "2700+45"]

1. e4 e6 2. d3 c5 3. c4 Nc6 4. Nf3 Nge7 5. d4 cxd4 6. Nxd4 g6 7. Be3 Bg7 8. Be2
O-O 9. Nc3 d6 10. Rc1 a6 11. O-O Bd7 12. Qd2 Rc8 13. Rfd1 Nxd4 14. Bxd4 Bxd4 15.
Qxd4 Rc6 16. b3 e5 17. Qe3 Kg7 18. Bf3 Ng8 19. Rd2 Nf6 20. h3 Qe7 21. Rcd1 Rd8
22. Rd3 Bc8 23. c5 Rxc5 24. Na4 Rc6 25. Nb6 Be6 26. Na4 Rdc8 27. Nb6 Rd8 28.
R3d2 Qc7 29. Nd5 Bxd5 30. exd5 Rc3 31. Qg5 Rc8 32. h4 h6 33. Qg3 e4 34. h5 exf3
35. hxg6 fxg6 36. gxf3 Ne4 37. Qg2 Nxd2 38. Rxd2 Qe7 39. Rd4 Rc1+ 40. Kh2 Qe5+
{White resigns} 0-1

[Event "Team 45 45 League T37"]
[Site "Internet Chess Club"]
[Date "2008.06.14"]
[Round "8"]
[White "mickeys"]
[Black "hansolo1000"]
[Result "1-0"]
[WhiteElo "1826"]
[BlackElo "1772"]
[Opening "QGD"]
[ECO "D02"]
[Time "21:31:20"]
[TimeControl "2700+45"]

1. d4 Nf6 2. Nf3 d5 3. c4 e6 4. Bg5 Be7 5. e3 h6 6. Bxf6 Bxf6 7. Nc3 O-O 8. Qb3
c6 9. Be2 dxc4 10. Bxc4 Nd7 11. O-O Qb6 12. Qc2 e5 13. d5 a6 14. Rac1 Re8 15.
dxc6 bxc6 16. Rfd1 e4 17. Nxe4 Qxb2 18. Bxf7+ Kxf7 19. Nd6+ Kf8 20. Qxc6 Be7 21.
Nxe8 Kxe8 22. Qxa8 {Black resigns} 1-0

[Event "Team 45 45 League T37"]
[Site "Internet Chess Club"]
[Date "2008.06.15"]
[Round "8"]
[White "XelNaga"]
[Black "frontier"]
[Result "1-0"]
[WhiteElo "2338"]
[BlackElo "2147"]
[Opening "Dutch defense"]
[ECO "A90"]
[Time "13:00:18"]
[TimeControl "2700+45"]

1. d4 e6 2. c4 f5 3. g3 Nf6 4. Bg2 d5 5. Nf3 c6 6. O-O Bd6 7. Bf4 O-O 8. Nbd2 b6
9. Qc2 Ne4 10. e3 Bb7 11. Rfc1 Bxf4 12. exf4 Nd7 13. b4 c5 14. bxc5 bxc5 15.
Rab1 Qc7 16. dxc5 Ndxc5 17. Nd4 Qe7 18. cxd5 Bxd5 19. Nxe4 Nxe4 20. Nc6 Qa3 21.
Rb7 Kh8 22. Qb2 Qxb2 23. Rxb2 Rac8 24. Rbc2 Rc7 25. Ne5 Rxc2 26. Rxc2 Rb8 27. f3
Nd6 28. Bf1 h6 29. a4 Rb3 30. a5 Ra3 31. a6 Ra1 32. Rc7 Nb5 33. Rb7 Nc3 34. Rxa7
Nd1 35. Bd3 Nb2+ 36. Kf2 Nxd3+ 37. Nxd3 Bc4 38. Ra8+ Kh7 39. Nc5 Ra5 40. Nd7
Rxa6 41. Rxa6 Bxa6 42. Nf8+ Kg8 43. Nxe6 Kf7 44. Nd4 Kf6 45. Ke3 Bb7 46. h4 g6
47. Kf2 Bd5 48. g4 fxg4 49. fxg4 Be4 50. Ke3 Bb1 51. Ne2 Ba2 52. Nc3 Be6 53.
Ne4+ Kg7 54. g5 hxg5 55. hxg5 Bf5 56. Nd6 Bd7 57. Kd4 Be6 58. Ke5 Bd7 59. Ne4
Bf5 60. Nc5 Bb1 61. Ke6 Bf5+ 62. Ke7 Bc2 63. Ne6+ Kh7 64. Kf6 Bb1 65. Nf8+ Kh8
66. Nxg6+ Kh7 67. Ne7 {Black resigns} 1-0

[Event "Team 45 45 League T37"]
[Site "Internet Chess Club"]
[Date "2008.06.13"]
[Round "8"]
[White "chsrules88"]
[Black "cappelo-upgrate"]
[Result "0-1"]
[WhiteElo "2051"]
[BlackElo "2197"]
[Opening "Caro-Kann: advance variation"]
[ECO "B12"]
[Time "12:55:56"]
[TimeControl "2700+45"]

1. e4 c6 2. d4 d5 3. e5 c5 4. c3 Nc6 5. h3 Bf5 6. Nf3 e6 7. Bd3 Bxd3 8. Qxd3
Nge7 9. O-O Nf5 10. Rd1 Be7 11. g4 Nh4 12. Nxh4 Bxh4 13. Nd2 h5 14. Nf3 hxg4 15.
hxg4 Be7 16. Kg2 Qc7 17. a3 c4 18. Qc2 O-O-O 19. Bf4 f5 20. g5 Na5 21. Rh1 Nb3
22. Rag1 Rdg8 23. Nh4 Bf8 24. Ng6 Rxh1 25. Rxh1 Qf7 26. Nxf8 Qxf8 27. Rh7 Rh8
28. Rxh8 Qxh8 29. Qd1 Qh4 30. Qf3 g6 31. Qg3 Qh5 32. Qh3 Qxh3+ 33. Kxh3 Kc7 34.
Kg3 Kc6 35. f3 Kb5 36. Kf2 Ka4 37. Ke2 Na1 38. Kd2 Kb3 39. Kc1 Nc2 40. Bd2 b5
41. Kb1 a5 42. f4 b4 43. axb4 axb4 44. Kc1 bxc3 45. Bxc3 Nb4 46. Bxb4 Kxb4 47.
Kc2 Kb5 48. Kc1 Ka4 49. Kc2 Kb4 50. Kd2 Kb3 51. Kc1 c3 52. Kb1 Kc4 53. b3+ Kxb3
54. Ka1 Kc4 {White resigns} 0-1

[Event "Team 45 45 League T37"]
[Site "Internet Chess Club"]
[Date "2008.06.14"]
[Round "8"]
[White "frothyjowels"]
[Black "Atwode"]
[Result "1-0"]
[WhiteElo "2233"]
[BlackElo "1861"]
[Opening "French defense"]
[ECO "C00"]
[Time "19:00:17"]
[TimeControl "2700+45"]

1. e4 e6 2. Nf3 d5 3. d3 dxe4 4. dxe4 Qxd1+ 5. Kxd1 Nf6 6. Bd3 Bc5 7. Ke2 Ng4 8.
Rf1 Nc6 9. h3 Nge5 10. Nxe5 Nxe5 11. Be3 Nxd3 12. cxd3 Be7 13. Rc1 c6 14. f4 f6
15. Bc5 Bd8 16. Nd2 Bc7 17. Be3 Bd7 18. Nc4 Kf7 19. a4 b6 20. b4 Rhd8 21. a5 b5
22. Nd2 e5 23. f5 Bd6 24. Bc5 Bxc5 25. Rxc5 g6 26. fxg6+ hxg6 27. Rf1 Ke6 28.
Ke3 Be8 29. Nf3 Rd6 30. d4 exd4+ 31. Nxd4+ Kf7 32. e5 Rd5 33. Rxf6+ Kg7 34. Ne6+
Kh6 35. Rxd5 cxd5 36. Rf8 g5 37. Nc7 {Black resigns} 1-0

[Event "Team 45 45 League T37"]
[Site "Internet Chess Club"]
[Date "2008.06.17"]
[Round "8"]
[White "therealwizard"]
[Black "DumbSkillzhaha"]
[Result "1-0"]
[WhiteElo "2173"]
[BlackElo "2217"]
[Opening "Bogo-Indian defense, Nimzovich variation"]
[ECO "E11"]
[Time "21:00:56"]
[TimeControl "2700+45"]

1. d4 Nf6 2. Nf3 e6 3. c4 Bb4+ 4. Bd2 Qe7 5. g3 Nc6 6. Nc3 d6 7. d5 Bxc3 8. Bxc3
exd5 9. cxd5 Ne5 10. Nxe5 dxe5 11. Qb3 a5 12. Qb5+ Bd7 13. Qxb7 O-O 14. Qxc7
Rfe8 15. Bg2 Rac8 16. Qxa5 Bg4 17. e4 Rc4 18. O-O Nxe4 19. Bxe4 Rxe4 20. f3 Bxf3
21. Rxf3 Re3 {Black resigns} 1-0

[Event "Team 45 45 League T37"]
[Site "Internet Chess Club"]
[Date "2008.06.15"]
[Round "8"]
[White "Gregorio"]
[Black "Fezzik"]
[Result "1/2-1/2"]
[WhiteElo "2049"]
[BlackElo "2014"]
[Opening "French: exchange variation"]
[ECO "C01"]
[Time "21:08:50"]
[TimeControl "2700+45"]

1. e4 e6 2. d4 d5 3. exd5 exd5 4. Bf4 Bd6 5. Bxd6 Qxd6 6. Nc3 Bf5 7. Bd3 Bxd3 8.
Qxd3 Nd7 9. Nf3 O-O-O 10. O-O-O Ngf6 11. Rde1 Rhe8 12. Kb1 h6 13. g3 c6 14. a3
Rxe1+ 15. Rxe1 Re8 16. Qf5 Rxe1+ 17. Nxe1 Qe6 18. Qxe6 fxe6 19. Nd3 Kc7 20. Kc1
Kd6 21. f4 Ng4 22. h3 Ne3 23. Ne5 {Game drawn by mutual agreement} 1/2-1/2

[Event "Team 45 45 League T37"]
[Site "Internet Chess Club"]
[Date "2008.06.15"]
[Round "8"]
[White "Knight77"]
[Black "Ehab"]
[Result "0-1"]
[WhiteElo "1884"]
[BlackElo "1803"]
[Opening "Réti: King's Indian attack (Barcza system)"]
[ECO "A07"]
[Time "05:30:39"]
[TimeControl "2700+45"]

1. Nf3 d5 2. g3 c6 3. Bg2 e6 4. d3 f5 5. O-O Nf6 6. Nbd2 Bd6 7. e4 Bc7 8. e5
Nfd7 9. d4 O-O 10. Re1 c5 11. c3 Nc6 12. Nf1 b6 13. Ne3 cxd4 14. cxd4 Bb7 15. h4
h6 16. Bd2 a5 17. a3 Qe8 18. Rc1 Rc8 19. Qa4 Bd8 20. Nh2 Ndb8 21. Nf3 Qg6 22. b4
f4 23. Nf1 fxg3 24. Nxg3 Qg4 25. b5 Ne7 26. Rxc8 Bxc8 27. Qb3 Ng6 28. h5 Nh4 29.
Nh2 Qxd4 30. Be3 Qxe5 31. Ng4 Qd6 32. Qd3 Nd7 33. Ne4 Qe7 34. Nc3 Qf7 35. Nxd5
Nxg2 36. Kxg2 Qf3+ 37. Kf1 Qxg4 38. Nc3 Ne5 39. Qb1 Bb7 40. Bxh6 Bg2+ {White
forfeits on time} 0-1

[Event "Team 45 45 League T37"]
[Site "Internet Chess Club"]
[Date "2008.06.14"]
[Round "8"]
[White "Harmonicus"]
[Black "FiendAngelical"]
[Result "0-1"]
[WhiteElo "1934"]
[BlackElo "1996"]
[Opening "Sicilian: closed, 6.Be3"]
[ECO "B26"]
[Time "16:02:29"]
[TimeControl "2700+45"]

1. e4 c5 2. Nc3 Nc6 3. g3 g6 4. Bg2 Bg7 5. d3 d6 6. Be3 Rb8 7. Qd2 b5 8. Nge2
Nd4 9. h3 h5 10. f4 f5 11. Nc1 b4 12. Nd1 a5 13. c3 Nb5 14. O-O h4 15. Ne2 hxg3
16. Nxg3 Nf6 17. e5 Nh5 18. Nxh5 Rxh5 19. d4 bxc3 20. bxc3 cxd4 21. cxd4 d5 22.
Nb2 e6 23. a4 Na7 24. Rfc1 Bf8 25. Nd3 Kf7 26. Nc5 Rb4 27. Qe1 Be7 28. Qc3 Rc4
29. Qb2 Rb4 30. Qa2 Qb6 31. Rab1 Nc6 32. Nb3 g5 33. Bd2 Nxd4 34. Nxd4 Qxd4+ 35.
Kh1 Rxb1 36. Rxb1 g4 37. Rb3 Ba6 38. Rg3 Qf2 39. Kh2 Bf1 40. Qb2 Rxh3+ {White
resigns} 0-1

[Event "Team 45 45 League T37"]
[Site "Internet Chess Club"]
[Date "2008.06.17"]
[Round "8"]
[White "searchforbobby1"]
[Black "PandorasBox"]
[Result "0-1"]
[WhiteElo "2066"]
[BlackElo "2163"]
[Opening "Ruy Lopez: exchange variation, 5.O-O"]
[ECO "C68"]
[Time "18:43:03"]
[TimeControl "2700+45"]

1. e4 e5 2. Nf3 Nc6 3. Bb5 a6 4. Bxc6 dxc6 5. O-O Bg4 6. h3 Bh5 7. d3 Qf6 8.
Nbd2 Bd6 9. Re1 Ne7 10. d4 O-O-O 11. g4 Bg6 12. Nc4 Bc5 13. Ncxe5 Bxd4 14. Nd3
Bb6 15. Qe2 Qd6 16. Bf4 Qd7 17. Rad1 h5 18. Nc5 Qe8 19. Nxa6 Rxd1 20. Rxd1 hxg4
21. Ne5 gxh3 22. Qg4+ f5 23. Qg3 h2+ 24. Kh1 bxa6 25. Nd7 Kb7 26. Qb3 Nc8 27.
Nc5+ Ka8 28. Bxc7 Bf7 29. c4 Bh5 30. Rd8 Qg6 {White forfeits on time} 0-1

[Event "Team 45 45 League T37"]
[Site "Internet Chess Club"]
[Date "2008.06.12"]
[Round "8"]
[White "Despair"]
[Black "spacecadet"]
[Result "1-0"]
[WhiteElo "1987"]
[BlackElo "2172"]
[Opening "Nimzovich-Larsen attack: Dutch variation"]
[ECO "A01"]
[Time "19:57:24"]
[TimeControl "2700+45"]

1. b3 f5 2. Bb2 Nf6 3. Nf3 e6 4. e3 b6 5. d4 Bb7 6. Nbd2 Be7 7. g3 O-O 8. Bg2 d6
9. O-O Nbd7 10. Ng5 Bxg2 11. Nxe6 Qc8 12. Kxg2 Rf7 13. Qf3 d5 14. Ng5 Ne4 15.
Nxf7 Nxd2 16. Qxd5 Nf6 17. Nh6+ Kh8 18. Qf7 Qb7+ 19. f3 Nxf1 20. Rxf1 Nd5 21.
Qg8+ Rxg8 22. Nf7# {Black checkmated} 1-0